 Dungeon Crawl Stone Soup version 0.19-a0-856-g54f7fbd (webtiles) character file.

266 Arkorax the Slasher (level 6, -2/39 HPs)
             Began as a Tengu Gladiator on July 2, 2016.
             Slain by a gnoll
             ... wielding a +0 whip
              (6 damage)
             ... on level 4 of the Dungeon.
             The game lasted 00:03:51 (3781 turns).

Arkorax the Slasher (Tengu Gladiator)               Turns: 3781, Time: 00:03:52

Health: -2/39      AC:  3    Str: 15    XL:     6   Next: 20%
Magic:  7/7        EV: 14    Int:  9    God:
Gold:   214        SH:  0    Dex: 18    Spells: 0 memorised, 5 levels left

rFire  . . .     SeeInvis .     a - +0 long sword
rCold  . . .     Gourm    .     b - +0 leather armour
rNeg   . . .     Faith    .     (no shield)
rPois  .         Spirit   .     c - +0 hat
rElec  .         Dismiss  .     (no cloak)
rCorr  .         Reflect  .     (no gloves)
SustAt .         Harm     .     (boots unavailable)
MR     +....                    (no amulet)
Stlth  +.........               w - ring of protection from magic
                                q - +2 ring of dexterity

@: somewhat resistant to hostile enchantments, very unstealthy
A: beak, talons 3, able to fly 1
a: Fly


You were on level 4 of the Dungeon.
You were not hungry.

You visited 1 branch of the dungeon, and saw 4 of its levels.

You collected 214 gold pieces.

Inventory:

Hand Weapons
 a - a +0 long sword (weapon)
Armour
 b - a +0 leather armour (worn)
 c - a +0 hat (worn)
Jewellery
 p - an uncursed ring of stealth
 q - a +2 ring of dexterity (left hand)
 w - a ring of protection from magic (right hand)
Wands
 o - a wand of flame (44/48)
Scrolls
 e - a scroll of fear {unknown}
 g - 8 scrolls of identify {unknown}
 h - a scroll of recharging {unknown}
 i - 2 scrolls of magic mapping {unknown}
 k - 2 scrolls of immolation {unknown}
 l - a scroll of enchant armour {unknown}
 r - 2 scrolls of enchant weapon {unknown}
 s - a scroll of noise {unknown}
 v - a scroll of fog {unknown}
 y - a scroll of blinking {unknown}
Potions
 j - a potion of curing {unknown}
 n - 3 potions of brilliance {unknown}
 x - a potion of heal wounds {unknown}
 z - a potion of ambrosia {unknown}
Books
 A - a book of Unlife

   Spells                             Type                      Level
   a - Recall                         Summoning/Translocation      3
   b - Animate Dead                   Necromancy                   4
   c - Control Undead                 Necromancy                   4
   d - Cigotuvi's Embrace             Necromancy                   5
   e - Death Channel                  Necromancy                   6
   f - Simulacrum                     Ice/Necromancy               6
Comestibles
 f - 3 bread rations
 m - a slice of pizza
 t - 4 fruits
 u - a meat ration


   Skills:
 * Level 4.4 Fighting
 * Level 5.2 Long Blades
 - Level 2.0 Throwing
 + Level 4.2 Dodging


You had 5 spell levels left.
You didn't know any spells.

Dungeon Overview and Level Annotations

Branches:
Dungeon (4/15)
 Temple: D:4-7

Altars:


Innate Abilities, Weirdness & Mutations

You have a beak for a mouth.
You have claws for feet.
You can fly.


Message History

Press: ? - help, Shift-Dir - straight line, f - gnoll
Aim: a gnoll, wielding a whip and wearing a copper ring You throw a throwing net.
The throwing net barely misses the gnoll.
The gnoll hits you with a whip.
* * * LOW HITPOINT WARNING * * *
Throwing (i - inventory):
d - 2 throwing nets (quivered)
Press: ? - help, Shift-Dir - straight line, f/p - gnoll
Aim: a gnoll, wielding a whip and wearing a copper ring You throw a throwing net.
The throwing net barely misses the gnoll.
The gnoll hits you with a whip.
* * * LOW HITPOINT WARNING * * *
Throwing (i - inventory):
d - a throwing net (quivered)
Press: ? - help, Shift-Dir - straight line, f/p - gnoll
Aim: a gnoll, wielding a whip and wearing a copper ring You throw a throwing net.
The throwing net closely misses the gnoll.
The gnoll hits you with a whip.
You die...

. #.##.#....#.#.... ..
#.##............ .
..##.#.....#.#.#.# ..
.................##..
.......)............#
...#'##.)........#
####..#####......#
#).'..# #.†....# '..#..+
#.....@# #######
#..>...g....# .....#
#........#.%...# #....#
#........#...... ####.##
###............# +..'..#
#............. #(.#..+
#...#+#.....(#
#####.#####...#.#......#
#..'..#.#.#.#....


You could see a gnoll.

Vanquished Creatures
  A howler monkey (D:4)
  An orc priest (D:4)
  An orc wizard (D:3)
  6 gnolls
  2 adders (D:3)
  A river rat (D:3)
  2 worms (D:3)
  2 dart slugs
  5 giant geckos
  11 orcs
  4 giant cockroaches
  7 goblins
  6 hobgoblins
  5 kobolds
  5 bats
  2 giant newts (D:2)
  10 rats
71 creatures vanquished.

Notes
Turn   | Place    | Note
-------+----------+-------------------------------------------
     0 | D:1      | Arkorax the Tengu Gladiator began the quest for the Orb.
     0 | D:1      | Reached XP level 1. HP: 12/12 MP: 2/2
   341 | D:1      | Reached XP level 2. HP: 17/17 MP: 3/3
   765 | D:2      | Reached XP level 3. HP: 17/22 MP: 4/4
   857 | D:2      | Reached skill level 4 in Long Blades
  1498 | D:3      | Reached XP level 4. HP: 19/28 MP: 5/5
  3033 | D:4      | Gained mutation: You can fly. [Tengu growth]
  3033 | D:4      | Reached XP level 5. HP: 33/33 MP: 6/6
  3590 | D:4      | Reached skill level 5 in Long Blades
  3700 | D:4      | Reached XP level 6. HP: 39/39 MP: 7/7
  3781 | D:4      | Slain by a gnoll

Vault maps used:
D:1:      lightli_arrival_isolated_outpost
D:2:      minmay_distorted
D:3:      gup_sewer_entry_bowl
D:4:      corexii_shantytown

Skill      XL: |  1  2  3  4  5 |
---------------+----------------+-----
Long Blades    | 4 5 |  5.2
Fighting       | 3 4 |  4.4
Dodging        | 4 |  4.2
Throwing       | |  2.0

Action                   |  1- 3 |  4- 6 || total
-------------------------+-------+-------++-------
Melee: Long sword        |    79 |   138 ||   217
       Peck              |    16 |    33 ||    49
       Kick              |    19 |    54 ||    73
Throw: Throwing net      |       |     3 ||     3
 Stab: Sleeping          |     1 |     8 ||     9
  Eat: Chunk             |     2 |     3 ||     5
       Bread ration      |       |     1 ||     1
Armor: Leather armour    |    20 |    14 ||    34
Dodge: Dodged            |    43 |    68 ||   111
